 Dungeon Crawl Stone Soup version 0.31.0-12-g77e489cdc1 (webtiles) character file.

Game seed: 4999944660207222393

1568 Ekaitz the Firebug (level 8, -16/58 HPs)
             Began as a Demonspawn Fire Elementalist on Feb 21, 2024.
             Was a Believer of Sif Muna.
             Demolished by a two-headed ogre
             ... wielding a +0 giant club
              (25 damage)
             ... on level 5 of the Dungeon.
             The game lasted 00:18:44 (6456 turns).

Ekaitz the Firebug (Demonspawn Fire Elementalist)   Turns: 6456, Time: 00:18:45

Health: -16/58     AC:  8    Str: 14    XL:     8   Next: 59%
Magic:  6/14       EV: 13    Int: 16    God:    Sif Muna [**....]
Gold:   153        SH:  4    Dex: 18    Spells: 5/15 levels left

rFire   . . .        c - +2 dagger (protect)
rCold   . . .        (no shield)
rNeg    . . .        a - +0 robe
rPois   .            (helmet restricted)
rElec   .            (no cloak)
rCorr   .            o - +0 pair of gloves
SInv    .            i - +0 pair of boots
Will    .....        (no amulet)
Stlth   +++          u - +6 ring of strength
HPRegen 0.29/turn    (no ring)
MPRegen 0.14/turn

%: no passive effects
@: no status effects
A: horns 2, thin skeletal structure 1, icemail 1, condensation shield
a: Renounce Religion, Channel Magic


You were on level 5 of the Dungeon.
You worshipped Sif Muna.
Sif Muna was pleased with you.
You visited 1 branch of the dungeon, and saw 5 of its levels.

You collected 274 gold pieces.
You spent 121 gold pieces at shops.

Inventory:

Hand Weapons
 c - a +2 dagger of protection (weapon)
 A - a +2 dagger of distortion
Armour
 a - a +0 robe (worn)
 i - a +0 pair of boots (worn)
 o - a +0 pair of gloves (worn)
 y - an orb of light
 z - a +0 ring mail of fire resistance
Jewellery
 u - a +6 ring of strength (left hand)
Scrolls
 d - 4 scrolls of identify
 e - 2 scrolls of poison {unknown}
 g - 2 scrolls of immolation {unknown}
 h - a scroll of butterflies {unknown}
 j - 3 scrolls of amnesia {unknown}
 l - 3 scrolls of teleportation {unknown}
 m - a scroll of vulnerability {unknown}
 n - a scroll of fog {unknown}
 r - a scroll of brand weapon {unknown}
 x - 4 scrolls of torment {unknown}
 B - a scroll of silence {unknown}
Potions
 b - a potion of magic
 f - a potion of brilliance {unknown}
 k - a potion of lignification {unknown}
 p - a potion of heal wounds
 q - 3 potions of invisibility {unknown}
 s - 2 potions of might {unknown}
 t - a potion of haste {unknown}
 v - 2 potions of curing
 w - a potion of enlightenment {unknown}


   Skills:
 * Level 3.2 Fighting
 + Level 1.4 Short Blades
 + Level 2.4 Dodging
 + Level 3.1 Stealth
 + Level 0.3 Shields
 + Level 4.3 Spellcasting
 * Level 3.8 Conjurations
 * Level 3.3 Hexes
 + Level 1.9 Translocations
 * Level 5.3 Fire Magic
 + Level 1.7 Air Magic
 * Level 2.7 Invocations


You had 5 spell levels left.
You knew the following spells:

 Your Spells              Type           Power      Damage    Failure   Level
a - Foxfire               Conj/Fire      72%        2x1d7     2%          1
b - Scorch                Fire           40%        2d6       2%          2
c - Volatile Blastmotes   Fire/Tloc      30%        2d12      11%         3
i - Inner Flame           Hex/Fire       17%        N/A       9%          3
s - Shock                 Conj/Air       48%        1d6       5%          1

Your spell library contained the following spells:

 Spells                   Type           Power      Damage    Failure   Level
 Dazzling Flash           Conj/Hex       28%        N/A       11%         3
 Mephitic Cloud           Conj/Alch/Air  9%         N/A       22%         3
 Swiftness                Air            8%         N/A       24%         3
 Flame Wave               Conj/Fire      18%        2d7       24%         4
 Airstrike                Air            4%         2d(1-17)  63%         4
 Silence                  Hex/Air        5%         N/A       85%         5
 Curse of Agony           Necr           3%         N/A       99%         5


Dungeon Overview and Level Annotations

Branches:
Dungeon (5/15)
 Temple: D:4-7

Altars:
Fedhas
Kikubaaqudgha
Okawaru
Sif Muna
Vehumet
Wu Jian

Shops:
D:1 (   D:2 *?!*[


Innate Abilities, Weirdness & Mutations

You have a pair of horns on your head.
You have a somewhat thin skeletal structure. (Dex +2, Stealth+)
A meltable icy envelope protects you from harm. (AC +4)
A meltable shield of frost defends you. (SH +4)


Message History

The two-headed ogre is heavily wounded.
The two-headed ogre hits you with a +0 giant club!
The two-headed ogre barely misses you.
Unknown command.
Casting: Shock (safe; 5% risk of failure)
Confirm with . or Enter, or press ? or * to list all spells.
Aiming: Shock (safe; 5% risk of failure)
Press: ? - help, Shift-Dir - straight line The zap hits the two-headed ogre.
The two-headed ogre is severely wounded.
The zap hits the ogre.
The ogre is severely wounded.
The zap hits the ogre.
The ogre is almost dead.
The zap hits the two-headed ogre.
The two-headed ogre is severely wounded.
The two-headed ogre hits you with a +0 giant club!
* * * LOW HITPOINT WARNING * * *
The two-headed ogre barely misses you.
Casting: Shock (safe; 5% risk of failure)
Confirm with . or Enter, or press ? or * to list all spells.
Aiming: Shock (safe; 5% risk of failure)
Press: ? - help, Shift-Dir - straight line The zap hits the two-headed ogre but does no damage.
The two-headed ogre is severely wounded.
The zap hits the ogre.
The ogre is almost dead.
The zap hits the ogre.
You kill the ogre!
Sif Muna accepts your kill.
The zap hits the two-headed ogre.
The two-headed ogre is severely wounded.
Casting: Shock (safe; 5% risk of failure)
Confirm with . or Enter, or press ? or * to list all spells.
Flames lash the two-headed ogre.
The two-headed ogre is almost dead.
The two-headed ogre's fire resistance burns away.
You block the two-headed ogre's attack.
The two-headed ogre hits you with a +0 giant club!!
You die...

#.....#.... . ......... ..
..####.....####...
.#####.#..##...##..#..###+
.......#)..##.##...#......
.......##...#.#...##...)..
........##.'#.#'.##.......
........###...###........
#######....@O).8†)†.....###
#..........###...###......#
+.........##O'#.#).##.....+
#........##.SO#.#...##....#
#######..#...##.##...#.#.##
##########..#:.##...##.)#.#
#
+.......+...####.....####..
.
#.......#..................
..#.......#....#..........#
.


You could see a two-headed ogre (combustible).

Vanquished Creatures
  Duvessa (D:4)
  An orc warrior (D:5)
  A sky beast (D:5)
  4 ogres
  A black bear (D:3)
  2 scorpions
  Dowan (D:4)
  A howler monkey (D:4)
  2 bombardier beetles
  A gnoll bouda (D:5)
  A hound (D:5)
  A jelly (D:4)
  4 iguanas
  2 orc priests (D:4)
  An orc wizard (D:5)
  A sleepcap (D:5)
  Natasha (thrice) (D:2)
  8 gnolls
  6 adders
  A ribbon worm (D:4)
  3 dart slugs
  9 orcs
  6 ball pythons
  8 bats
  5 endoplasms
  A giant cockroach (D:1)
  8 hobgoblins
  4 quokkas
  3 frilled lizards
  7 goblins
  2 kobolds
  4 rats
103 creatures vanquished.

Vanquished Creatures (others)
  179 foxfires
179 creatures vanquished.

Grand Total: 282 creatures vanquished

Notes
Turn   | Place    | Note
-------+----------+-------------------------------------------
     0 | D:1      | Ekaitz the Demonspawn Fire Elementalist began the quest for
                  | the Orb.
     0 | D:1      | Reached XP level 1. HP: 13/13 MP: 3/3
   305 | D:1      | Reached skill level 3 in Fire Magic
   307 | D:1      | Learned a level 1 spell: Shock
   338 | D:1      | Gained mutation: A meltable shield of frost defends you.
                  | (SH +4) [demonic ancestry]
   338 | D:1      | Reached XP level 2. HP: 19/19 MP: 0/5
   653 | D:1      | Found Nuserus's Weapon Emporium.
  1211 | D:2      | Learned a level 2 spell: Scorch
  1216 | D:2      | Found Hoxid's Armour Emporium.
  1222 | D:2      | Found Gakhub's General Store.
  1497 | D:2      | Gained mutation: You have a somewhat thin skeletal
                  | structure. (Dex +2, Stealth+) [demonic ancestry]
  1497 | D:2      | Reached XP level 3. HP: 23/25 MP: 1/6
  1510 | D:2      | Reached skill level 1 in Fighting
  1524 | D:2      | Reached XP level 4. HP: 8/30 MP: 0/7
  1592 | D:2      | Learned a level 3 spell: Inner Flame
  1645 | D:2      | Noticed Natasha
  1656 | D:2      | Killed Natasha
  1711 | D:2      | Found a faded altar of an unknown god.
  1801 | D:2      | Found Jiusko Jiam's Distillery.
  1808 | D:2      | Bought a potion of heal wounds for 50 gold pieces
  2046 | D:2      | Noticed Natasha
  2056 | D:2      | Killed Natasha
  2060 | D:2      | Found Aloleab's Magic Scroll Boutique.
  2062 | D:2      | Bought a scroll of identify for 28 gold pieces
  2166 | D:2      | Noticed Natasha
  2171 | D:2      | Killed Natasha
  2172 | D:2      | Gained mutation: You have a pair of small horns on your
                  | head. [demonic ancestry]
  2172 | D:2      | Reached XP level 5. HP: 36/38 MP: 1/8
  2257 | D:2      | Found Gafets's General Store.
  2730 | D:3      | Reached skill level 1 in Hexes
  3100 | D:3      | Found an iron altar of Okawaru.
  3103 | D:3      | Found an ornate altar of the Wu Jian Council.
  3209 | D:3      | Found a radiant altar of Vehumet.
  3275 | D:3      | Noticed a black bear
  3285 | D:3      | Killed a black bear
  3286 | D:3      | Reached skill level 1 in Air Magic
  3286 | D:3      | Gained mutation: You have a pair of horns on your head.
                  | [demonic ancestry]
  3286 | D:3      | Reached XP level 6. HP: 36/44 MP: 5/10
  3289 | D:3      | Found a shimmering blue altar of Sif Muna.
  3297 | D:3      | Became a worshipper of Sif Muna the Loreminder
  3375 | D:2      | Bought a potion of curing for 30 gold pieces
  3575 | D:2      | Bought a potion of degeneration for 13 gold pieces
  3874 | D:4      | Reached skill level 1 in Short Blades
  3878 | D:4      | Learned a level 3 spell: Volatile Blastmotes
  4319 | D:4      | Found a blossoming altar of Fedhas.
  4323 | D:4      | Found an ancient bone altar of Kikubaaqudgha.
  4395 | D:4      | Noticed Duvessa
  4395 | D:4      | Noticed Dowan
  4423 | D:4      | Killed Duvessa
  4424 | D:4      | Reached skill level 1 in Translocations
  4424 | D:4      | Reached XP level 7. HP: 29/51 MP: 2/11
  4438 | D:4      | Killed Dowan
  4694 | D:4      | Reached skill level 4 in Fire Magic
  5063 | D:4      | Reached * piety under Sif Muna
  5125 | D:4      | Reached skill level 1 in Invocations
  5568 | D:4      | Gained mutation: A meltable icy envelope protects you from
                  | harm. (AC +4) [demonic ancestry]
  5568 | D:4      | Reached XP level 8. HP: 57/57 MP: 1/12
  5873 | D:5      | Entered Level 5 of the Dungeon
  6112 | D:5      | Reached skill level 5 in Fire Magic
  6283 | D:5      | Reached ** piety under Sif Muna
  6444 | D:5      | Noticed a two-headed ogre
  6456 | D:5      | Demolished by a two-headed ogre

Illustrated notes

Levels and vault maps discovered:
D:1:      dpeg_arrival_boxes_within_box, layout_basic, serial_shops,
          nicolae_square_shop, chequers_mini_garden, columned_hall_lemuel
D:2:      layout_basic, dreamdust_ecumenical_altar_grove, serial_shops, shop,
          shop, nicolae_shop_tiny_real_fake_doors, shop, shop, uniq_natasha
D:3:      layout_loops_corners, lemuel_coloured_pillars_altar,
          nicolae_overflow_macrodata_refinement
D:4:      cheibrodos_pilgrimage, layout_basic,
          grunt_temple_overflow_growth_and_decay, minmay_joined_circles,
          uniq_duvessa
D:5:      cheibrodos_barr_body, layout_gridville,
          nicolae_dithmenos_shadow_blocks, kennysheep_windowed_goal

Skill      XL: |  1  2  3  4  5  6  7  8 |
---------------+-------------------------+-----
Fire Magic     | 3 4 5 |  5.3
Fighting       | 1 2 3 |  3.2
Dodging        | 2 |  2.4
Conjurations   | 2 3 |  3.8
Stealth        | 2 3 |  3.1
Hexes          | 1 2 3 |  3.3
Air Magic      | 1 |  1.7
Short Blades   | 1 |  1.4
Translocations | 1 |  1.9
Invocations    | 2 |  2.7
Spellcasting   | 3 4 |  4.3
Shields        | |  0.3

Action                     |  1- 3 |  4- 6 |  7- 9 || total
---------------------------+-------+-------+-------++-------
  Melee: Dagger            |    49 |    36 |    38 ||   123
         Punch             |     1 |       |     1 ||     2
         Headbutt          |       |     4 |     4 ||     8
   Cast: Foxfire           |    31 |    29 |    42 ||   102
         Shock             |     8 |    28 |    28 ||    64
         Scorch            |       |     8 |    24 ||    32
   Stab: Sleeping          |     5 |     9 |     8 ||    22
 Armour: Robe              |    32 |    43 |    30 ||   105
  Dodge: Dodged            |    43 |    27 |    37 ||   107
  Block: Other             |     7 |    12 |     4 ||    23
